[Event "Titled Tuesday Blitz February 07 Early 2023"]
[White "Averjanov, Alexey"]
[Black "Shimanov, Aleksandr"]
[WhiteFideId "14109867"]
[BlackFideId "4198603"]
[WhiteElo "2399"]
[BlackElo "2581"]
[Result "1/2-1/2"]
[Round "09"]
[TimeControl "180+2"]
[Date "2023.02.07"]
[WhiteClock "0:00:08"]
[BlackClock "0:00:11"]

1. d4 g6 2. c4 Bg7 3. Nf3 d6 4. g3 Nf6 5. Bg2 O-O 6. O-O Nc6 7. b3 e5 8. Bb2 e4 9. Nfd2 Re8 10. e3 h5 11. Nc3 Bf5 12. h3 Qd7 13. Kh2 Nb4 14. Rb1 c6 15. Ba1 d5 16. Qe2 Nd3 17. Rbd1 Qd6 18. f4 a6 19. c5 Qe6 20. Na4 Bf8 21. Nb6 Rad8 22. a3 Kg7 23. b4 Be7 24. Nb3 Rh8 25. Bc3 h4 26. g4 Nxg4+ 27. hxg4 Bxg4 28. Qd2 h3 29. Bh1 g5 30. Rg1 f5 31. Nc1 Nxc1 32. Rxc1 gxf4 33. exf4 Kf7 34. Qe3 Rdg8 35. Be1 Bd8 36. Bf2 Bc7 37. Bg3 Qh6 38. Rcf1 Rg6 39. Na4 Rhg8 40. Nc3 Bf3 41. Ne2 Bxe2 42. Qxe2 Rxg3 43. Rxg3 Bxf4 44. Rg1 Bxg3+ 45. Rxg3 Qf4 46. Qh5+ Kf8 47. Qxh3 Rxg3 48. Qxg3 Qh6+ 49. Qh3 Qd2+ 50. Bg2 f4 51. Qh8+ Kf7 52. Qh7+ Kf6 53. Qh6+ Ke7 54. Qg7+ Kd8 55. Qf8+ Kc7 56. Qd6+ Kc8 57. Qf8+ Kd7 58. Qd6+ Ke8 59. Qe6+ Kd8 60. Qd6+ Kc8 61. Qf8+ Kd7 62. Qd6+ Ke8 63. Qe6+ Kf8 64. Qf6+ Kg8 65. Qg6+ Kh8 66. Qh6+ Kg8 67. Qg6+ Kf8 68. Qf6+ Ke8 69. Qe6+ 1/2-1/2


[Site "https://www.chess.com"]

[Event "Titled Tuesday Blitz February 07 Early 2023"]
[White "Ibarra Jerez, Jose Carlos"]
[Black "Shuvalova, Polina"]
[WhiteFideId "2226332"]
[BlackFideId "24171760"]
[WhiteElo "2563"]
[BlackElo "2484"]
[Result "0-1"]
[Round "09"]
[TimeControl "180+2"]
[Date "2023.02.07"]
[WhiteClock "0:00:05"]
[BlackClock "0:00:05"]

1. Nf3 Nf6 2. g3 d5 3. Bg2 g6 4. b3 Bg7 5. Bb2 O-O 6. c4 c6 7. O-O Re8 8. d3 Nbd7 9. cxd5 cxd5 10. Nc3 e5 11. Rc1 a6 12. b4 Nb8 13. Na4 Nc6 14. a3 d4 15. Nd2 Rb8 16. Nc5 Ne7 17. Nc4 Nfd5 18. Ne4 Be6 19. Ng5 Bf5 20. Ne4 Be6 21. Nc5 Bc8 22. Qb3 b6 23. Ne4 Be6 24. Ng5 Bf5 25. b5 axb5 26. Qxb5 h6 27. Ne4 Bd7 28. Qb3 Be6 29. a4 Qd7 30. Ned6 Red8 31. Nb5 Kh7 32. e3 dxe3 33. fxe3 Nc6 34. Qd1 Na5 35. Nxe5 Bxe5 36. Bxe5 Nxe3 37. Qf3 Nxf1 38. Qf6 Rg8 39. Rc7 Qe8 40. Nd6 Qf8 41. Nxf7 Rg7 42. Ng5+ hxg5 43. Qxg7+ Qxg7 44. Rxg7+ Kh6 45. Kxf1 Rf8+ 46. Ke1 Re8 47. Rc7 Bd5 48. Bxd5 Rxe5+ 49. Be4 Nb3 50. Kf2 Nc5 51. Rxc5 bxc5 52. a5 Re7 53. a6 c4 54. Bb7 c3 55. a7 Re8 56. Bc6 Rc8 57. Ke2 c2 58. Kd2 c1=Q+ 59. Kxc1 Rxc6+ 60. Kd2 Ra6 0-1


[Site "https://www.chess.com"]

[Event "Titled Tuesday Blitz February 07 Early 2023"]
[White "tuschessCM1"]
[Black "Harsh Suresh"]
[BlackFideId "45018464"]
[WhiteElo "2638"]
[BlackElo "2298"]
[Result "1-0"]
[Round "09"]
[TimeControl "180+2"]
[Date "2023.02.07"]
[WhiteClock "0:00:31"]
[BlackClock "0:00:13"]

1. c4 Nf6 2. Nc3 g6 3. e4 d6 4. d4 Bg7 5. h3 O-O 6. Be3 Na6 7. g4 c5 8. Nge2 cxd4 9. Nxd4 Nc5 10. Bg2 Ne6 11. O-O Nxd4 12. Bxd4 Be6 13. b3 h5 14. g5 Ne8 15. f4 Bxd4+ 16. Qxd4 Ng7 17. Kh2 a6 18. Qd3 Qd7 19. a4 h4 20. Ne2 f6 21. gxf6 Rxf6 22. e5 dxe5 23. Qxd7 Bxd7 24. fxe5 Rxf1 25. Rxf1 Bc6 26. Nf4 Bxg2 27. Kxg2 Nf5 28. Kf3 Rf8 29. Rf2 Nd4+ 30. Ke3 Nxb3 31. Rg2 Nc5 32. Nxg6 Re8 33. a5 Kf7 34. Nxh4 Rd8 35. Nf5 Ke6 36. Nd4+ Kxe5 37. Rg5+ Kd6 38. Rd5+ Kc7 39. Rxc5+ Kb8 40. h4 Rg8 41. Rg5 Rh8 42. h5 Kc7 43. Ke4 Kd7 44. c5 e6 45. Ke5 Ke7 46. Nxe6 Kf7 47. Nf4 Rd8 48. Kf5 Rd4 49. h6 Rc4 50. Rg7+ Ke8 51. h7 Rxc5+ 52. Kg4 Rh5 53. Kxh5 Kf8 54. h8=Q# 1-0


[Site "https://www.chess.com"]

[Event "Titled Tuesday Blitz February 07 Early 2023"]
[White "Panesso Rivera, Henry"]
[Black "Pakleza, Zbigniew"]
[WhiteFideId "4402707"]
[BlackFideId "1119290"]
[WhiteElo "2342"]
[BlackElo "2494"]
[Result "0-1"]
[Round "09"]
[TimeControl "180+2"]
[Date "2023.02.07"]
[WhiteClock "0:00:03"]
[BlackClock "0:00:02"]

1. Nf3 d5 2. g3 Nf6 3. Bg2 Bf5 4. d3 e6 5. Nbd2 h6 6. O-O Be7 7. Qe1 O-O 8. e4 Bh7 9. e5 Nfd7 10. Qe2 c5 11. b3 Nc6 12. Bb2 Rc8 13. Rfe1 Nb4 14. Rec1 b5 15. a3 Nc6 16. c4 bxc4 17. dxc4 d4 18. Re1 Qb6 19. h4 Rfd8 20. g4 Na5 21. b4 cxb4 22. Bxd4 Bc5 23. axb4 Qxb4 24. Qe3 Nc6 25. Bxc5 Nxc5 26. g5 h5 27. g6 Bxg6 28. Qg5 a5 29. Nf1 Nd3 30. Ng3 Nxe1 31. Rxe1 Nd4 32. Re3 Qxc4 33. Nxh5 Nf5 34. Nxg7 Nxe3 35. fxe3 Kxg7 36. h5 Qc1+ 37. Kf2 Rc2+ 38. Kg3 Rdd2 39. Qf6+ Kg8 40. Nh4 Qe1+ 41. Kh3 Rxg2 42. Qd8+ Kg7 43. h6+ Kh7 44. Nxg2 Bf5+ 0-1


[Site "https://www.chess.com"]

[Event "Titled Tuesday Blitz February 07 Early 2023"]
[White "Borges Feria, Yasel"]
[Black "Sanchez, Sebastian Felipe"]
[WhiteFideId "3504921"]
[BlackFideId "4403304"]
[WhiteElo "2439"]
[BlackElo "2427"]
[Result "1-0"]
[Round "09"]
[TimeControl "180+2"]
[Date "2023.02.07"]
[WhiteClock "0:00:14"]
[BlackClock "0:00:07"]

1. e4 e6 2. d3 d5 3. Qe2 Ne7 4. Nf3 c5 5. g3 Nbc6 6. Bg2 g6 7. O-O Bg7 8. c3 O-O 9. Re1 e5 10. a3 Be6 11. b4 c4 12. dxc4 dxc4 13. Rd1 Qc8 14. Nbd2 b5 15. a4 a6 16. Nf1 h6 17. Be3 Rd8 18. Bb6 Rxd1 19. Rxd1 Qb7 20. a5 Nc8 21. Bc5 Bf8 22. Bxf8 Kxf8 23. Ne3 N8e7 24. h4 Kg7 25. h5 g5 26. Kh2 f6 27. Bh3 Bxh3 28. Kxh3 Rd8 29. Kg2 Qc8 30. Nd5 Qe6 31. Ne3 Qf7 32. Nh2 Qe8 33. Rxd8 Nxd8 34. Qd1 Nf7 35. Nhg4 Qc6 36. Qf3 Ng8 37. Nf5+ Kh7 38. Nge3 Nd6 39. Nd5 Qd7 40. Nxd6 Qxd6 41. Qf5+ Kg7 42. Qg6+ Kf8 43. Qh7 Qe6 44. f3 Qf7 45. Qf5 Kg7 46. g4 Ne7 47. Nxe7 Qxe7 48. Qg6+ Kf8 49. Qxh6+ Ke8 50. Qg6+ Kd8 51. Qg8+ Kc7 52. Qd5 1-0


[Site "https://www.chess.com"]

[Event "Titled Tuesday Blitz February 07 Early 2023"]
[White "Korchmar, Vasiliy"]
[Black "Murzin, Volodar"]
[WhiteFideId "24131750"]
[BlackFideId "44155573"]
[WhiteElo "2438"]
[BlackElo "2604"]
[Result "0-1"]
[Round "09"]
[TimeControl "180+2"]
[Date "2023.02.07"]
[WhiteClock "0:00:02"]
[BlackClock "0:00:20"]

1. e4 c6 2. d4 d5 3. e5 Bf5 4. Nd2 e6 5. Nb3 Ne7 6. Nf3 h6 7. Be2 Nd7 8. O-O Bh7 9. a4 a6 10. a5 Nc8 11. c4 dxc4 12. Bxc4 Be7 13. Be3 Na7 14. Qd2 Nb5 15. Rfd1 O-O 16. Rac1 Kh8 17. h3 Nc7 18. Bd3 Bxd3 19. Qxd3 Nd5 20. Bd2 Qe8 21. Re1 f5 22. exf6 Bxf6 23. Qe4 Rf7 24. Qxe6 Re7 25. Qf5 Nf8 26. Nc5 Qf7 27. Rxe7 Nxe7 28. Qg4 Nd5 29. Re1 b6 30. axb6 Nxb6 31. Ne5 Qd5 32. Bc3 Nc4 33. Nxc4 Qxc4 34. Ne4 Nh7 35. Qg6 Qd5 36. Nxf6 Nxf6 37. Re5 Qd7 38. d5 Nxd5 39. Bd4 Kg8 40. Re6 Nf4 0-1


[Site "https://www.chess.com"]

[Event "Titled Tuesday Blitz February 07 Early 2023"]
[White "Maximov, Dmitry"]
[Black "Demin, Vladimir"]
[WhiteFideId "14105659"]
[BlackFideId "4167457"]
[WhiteElo "2497"]
[BlackElo "2430"]
[Result "1-0"]
[Round "09"]
[TimeControl "180+2"]
[Date "2023.02.07"]
[WhiteClock "0:01:47"]
[BlackClock "0:00:10"]

1. e4 e5 2. Nf3 Nc6 3. Bb5 a6 4. Ba4 Bc5 5. O-O Nge7 6. c3 Ba7 7. d4 Ng6 8. Be3 O-O 9. Nbd2 d6 10. h3 h6 11. Re1 b5 12. Bb3 Kh8 13. Nf1 f5 14. exf5 Bxf5 15. Ng3 exd4 16. cxd4 Nh4 17. Nxh4 Qxh4 18. Bd5 Bd7 19. Rc1 Nxd4 20. Bxa8 Rxa8 21. Rxc7 Bxh3 22. Rxa7 Rxa7 23. Bxd4 Bg4 24. Re8+ 1-0


[Site "https://www.chess.com"]

[Event "Titled Tuesday Blitz February 07 Early 2023"]
[White "Salimova, Nurgyul"]
[Black "Janaszak, Dawid"]
[WhiteFideId "2915138"]
[BlackFideId "1119206"]
[WhiteElo "2391"]
[BlackElo "2316"]
[Result "0-1"]
[Round "09"]
[TimeControl "180+2"]
[Date "2023.02.07"]
[WhiteClock "0:00:05"]
[BlackClock "0:00:22"]

1. d4 d5 2. Nf3 Nf6 3. Bf4 c5 4. e3 cxd4 5. exd4 Nc6 6. c3 Bg4 7. Nbd2 e6 8. Bd3 Bd6 9. Bg5 h6 10. Bh4 O-O 11. Qe2 Be7 12. h3 Bf5 13. Bxf5 exf5 14. Bxf6 Bxf6 15. O-O Re8 16. Qd3 g6 17. Rfe1 Qd6 18. Qb5 Qd7 19. Nb3 b6 20. Nbd2 Rad8 21. Rxe8+ Rxe8 22. Re1 Rxe1+ 23. Nxe1 Qe6 24. Nef3 g5 25. Nf1 f4 26. Qa4 Kg7 27. Qd1 Na5 28. b3 Nb7 29. Ne1 Nd6 30. Nd3 Ne4 31. Qc2 Qc6 32. Nb4 Qxc3 33. Qxc3 Nxc3 34. Nc6 Nxa2 35. Nxa7 Bxd4 36. Nc6 Bc5 37. Nh2 Nc1 38. b4 Bd6 39. Kf1 Nd3 40. b5 Bc5 41. f3 f5 42. Ke2 Nb2 43. Nf1 Nc4 44. Nd8 Kf6 45. Nd2 Nd6 46. Nc6 Nxb5 47. Kd3 Nd6 48. Nb3 h5 49. Nb8 g4 50. Nd7+ Kg5 51. Ndxc5 bxc5 52. Nxc5 gxh3 53. gxh3 Kh4 54. Kd4 Kg3 55. Ke5 Kxf3 56. Kxd6 Kg3 57. Kxd5 f3 58. Nd3 f2 59. Nxf2 Kxf2 60. Ke5 Kg3 61. h4 f4 0-1


[Site "https://www.chess.com"]

[Event "Titled Tuesday Blitz February 07 Early 2023"]
[White "Sattarov, Bobir"]
[Black "Yaran, Siar"]
[WhiteFideId "14203081"]
[BlackFideId "6323006"]
[WhiteElo "2366"]
[BlackElo "2288"]
[Result "1-0"]
[Round "09"]
[TimeControl "180+2"]
[Date "2023.02.07"]
[WhiteClock "0:00:43"]
[BlackClock "0:00:07"]

1. e4 e5 2. Nf3 Nc6 3. Nc3 Nf6 4. a3 Be7 5. d4 d6 6. Bb5 Bd7 7. d5 Nb8 8. a4 O-O 9. Nd2 c6 10. Bc4 Na6 11. O-O Nc7 12. Nb3 cxd5 13. exd5 Qb8 14. Qd3 Rc8 15. f4 Na6 16. Kh1 Nb4 17. Qe2 Nxc2 18. Rb1 Bg4 19. Qxc2 Rxc4 20. fxe5 dxe5 21. Bg5 Bh5 22. Rbe1 Bg6 23. Qe2 Rb4 24. Bxf6 gxf6 25. Nc1 f5 26. Nd3 Rh4 27. Nxe5 Bf6 28. Nf3 Rb4 29. Qd2 Qd6 30. Nb5 Qc5 31. Rc1 Rc4 32. b3 Rxc1 33. Rxc1 Qe7 34. d6 Qe6 35. Nc7 Qc8 36. d7 1-0


[Site "https://www.chess.com"]

[Event "Titled Tuesday Blitz February 07 Early 2023"]
[White "Mohamed Anees M"]
[Black "Iniyan, P"]
[WhiteFideId "35065815"]
[BlackFideId "25002767"]
[WhiteElo "2315"]
[BlackElo "2525"]
[Result "1-0"]
[Round "09"]
[TimeControl "180+2"]
[Date "2023.02.07"]
[WhiteClock "0:00:20"]
[BlackClock "0:00:07"]

1. Nf3 g6 2. d4 Bg7 3. c4 Nf6 4. Nc3 d6 5. e4 O-O 6. Be2 e5 7. O-O Nc6 8. d5 Ne7 9. Ne1 Nd7 10. Be3 f5 11. f3 f4 12. Bf2 g5 13. Rc1 Ng6 14. c5 Nxc5 15. b4 Na6 16. a3 Rf7 17. Nb5 Bf8 18. Nxa7 Bd7 19. Nb5 Rg7 20. Qc2 Bc8 21. Na7 Bd7 22. Nb5 g4 23. fxg4 Nh4 24. Nxc7 Bxg4 25. Bxg4 Nxc7 26. h3 Nb5 27. a4 Rc7 28. Be6+ Kh8 29. Bxh4 Qxh4 30. Nf3 Rxc2 31. Nxh4 Rxc1 32. Rxc1 Nd4 33. a5 Nxe6 34. dxe6 d5 35. exd5 Bxb4 36. Nf5 Rxa5 37. d6 h6 38. e7 Ra8 39. d7 Bxe7 40. Rc8+ 1-0


[Site "https://www.chess.com"]

[Event "Titled Tuesday Blitz February 07 Early 2023"]
[White "Poliakova, Varvara"]
[Black "Shipov, Sergei"]
[WhiteFideId "13518313"]
[BlackFideId "4113624"]
[WhiteElo "2010"]
[BlackElo "2541"]
[Result "1-0"]
[Round "09"]
[TimeControl "180+2"]
[Date "2023.02.07"]
[WhiteClock "0:02:10"]
[BlackClock "0:02:41"]

1. e4 e6 2. d4 d5 3. Nd2 Be7 4. c3 c5 5. Ngf3 cxd4 6. Nxd4 Nc6 7. Nxc6 bxc6 8. Bd3 Nf6 9. O-O O-O 10. e5 Nd7 11. Nf3 a5 12. Bb1 a4 13. Qc2 g6 14. Bh6 Re8 15. Re1 Qb6 1-0


[Site "https://www.chess.com"]

[Event "Titled Tuesday Blitz February 07 Early 2023"]
[White "Tarlabasi, Emirhan"]
[Black "Bilych, Olexiy"]
[WhiteFideId "6350275"]
[BlackFideId "14156504"]
[WhiteElo "2300"]
[BlackElo "2441"]
[Result "0-1"]
[Round "09"]
[TimeControl "180+2"]
[Date "2023.02.07"]
[WhiteClock "0:00:05"]
[BlackClock "0:00:03"]

1. d4 d5 2. c4 c6 3. e3 Nf6 4. Nf3 Bf5 5. Bd3 Bxd3 6. Qxd3 e6 7. O-O Nbd7 8. Nc3 Be7 9. e4 dxe4 10. Nxe4 O-O 11. Bf4 c5 12. Rad1 Qb6 13. d5 exd5 14. cxd5 Nxe4 15. Qxe4 Bf6 16. b3 Rfe8 17. Qf5 Rad8 18. Rfe1 Rxe1+ 19. Rxe1 Nf8 20. h4 g6 21. Qe4 Qb4 22. Qxb4 cxb4 23. d6 Ne6 24. Bg3 Rd7 25. Nd2 Bc3 26. Ne4 Kg7 27. Nxc3 bxc3 28. Rc1 f5 29. Rxc3 f4 30. Bxf4 Nxf4 31. Rc7 Rf7 32. d7 Ne6 33. Rxb7 a5 34. Ra7 Kf6 35. g3 Nd8 36. Kg2 Ke6 37. Rxa5 Rxd7 38. Ra8 Nc6 39. Ra6 Kd5 40. a3 Nd4 41. b4 Rc7 42. a4 Kc4 43. b5 Kc5 44. Ra8 Nb3 45. g4 Nd4 46. f4 Rf7 47. Rc8+ Kb6 48. Rb8+ Ka7 49. Rd8 Ne6 50. Rd6 Nxf4+ 51. Kg3 Ne2+ 52. Kg2 Nc3 53. Rd4 Kb6 54. Rc4 Nd5 55. Rc6+ Ka5 56. Ra6+ Kb4 57. Rd6 Ne3+ 58. Kg3 Kxa4 59. b6 Nc4 60. Rd4 Kb5 61. Rf4 Rd7 62. h5 gxh5 63. gxh5 Nxb6 64. Kh4 Nd5 65. Rf5 Kc5 66. h6 Kd6 67. Rg5 Ke6 68. Rg1 Nf6 69. Kg5 Rd5+ 70. Kf4 Rf5+ 71. Ke3 Rh5 72. Rf1 Rxh6 0-1


[Site "https://www.chess.com"]

[Event "Titled Tuesday Blitz February 07 Early 2023"]
[White "Ilkhomi, Jaloliddin"]
[Black "Matinian, Nikita"]
[WhiteFideId "14700948"]
[BlackFideId "24129100"]
[WhiteElo "1997"]
[BlackElo "2407"]
[Result "1-0"]
[Round "09"]
[TimeControl "180+2"]
[Date "2023.02.07"]
[WhiteClock "0:00:11"]
[BlackClock "0:00:07"]

1. d4 d6 2. Nf3 g6 3. c3 f5 4. h3 Nf6 5. Bf4 Bg7 6. Nbd2 Nc6 7. e3 O-O 8. Bc4+ Kh8 9. Ng5 d5 10. Bd3 h6 11. Ngf3 Ne4 12. Qe2 g5 13. Bh2 Be6 14. Ne5 Nxe5 15. Bxe5 Bxe5 16. dxe5 c5 17. g4 Nxd2 18. Kxd2 d4 19. Kc2 dxc3 20. gxf5 Bxf5 21. Bxf5 Rxf5 22. bxc3 Qd7 23. h4 Qa4+ 24. Kb2 Raf8 25. Rh2 g4 26. h5 Rxe5 27. Rg1 Rg5 28. Rhg2 Rfg8 29. Qd3 c4 30. Qd4+ R8g7 31. Rxg4 Qb5+ 32. Ka1 Kh7 33. Rxg5 Rxg5 34. Rxg5 Qxg5 35. Qe4+ Kh8 36. Qd4+ Kh7 37. Qe4+ Kg7 38. Qxb7 Qg1+ 39. Kb2 Qxf2+ 40. Ka3 Qxe3 41. Qg2+ Kf8 42. Qg6 Qg5 43. Qe4 Qa5+ 44. Kb2 Qb6+ 45. Ka1 Qc5 46. Qh7 Qg1+ 47. Kb2 Qg7 48. Qf5+ Qf6 49. Qc8+ Kg7 50. Qxc4 Qf2+ 51. Kb3 Qb6+ 52. Kc2 Qf6 53. Qe2 Qf5+ 54. Kb2 e5 55. a4 e4 56. c4 Kf6 57. Kc3 Ke5 58. Qe3 Qf3 59. Kd2 Qg2+ 60. Kc3 Qf3 61. Kd2 Qxe3+ 62. Kxe3 a5 63. c5 Kd5 64. c6 Kxc6 65. Kxe4 Kc5 66. Kf5 Kb4 67. Kg6 Kxa4 68. Kxh6 Kb3 69. Kg6 a4 70. h6 a3 71. h7 Kb2 72. h8=Q+ Kb1 73. Qb8+ Ka1 74. Qe5+ Kb1 75. Qe1+ Kb2 76. Qb4+ Ka2 77. Kf5 1-0


[Site "https://www.chess.com"]

[Event "Titled Tuesday Blitz February 07 Early 2023"]
[White "Podetti, Davide"]
[Black "Tan, Zhongyi"]
[WhiteFideId "893617"]
[BlackFideId "8603642"]
[WhiteElo "2281"]
[BlackElo "2517"]
[Result "1-0"]
[Round "09"]
[TimeControl "180+2"]
[Date "2023.02.07"]
[WhiteClock "0:00:05"]
[BlackClock "0:00:02"]

1. e4 c5 2. Nf3 d6 3. Bb5+ Bd7 4. Bxd7+ Qxd7 5. c4 e5 6. Nc3 Nc6 7. d3 Be7 8. O-O Bd8 9. a3 Nge7 10. Nd5 O-O 11. Bd2 f5 12. b4 Ng6 13. Rb1 h6 14. Ne1 Nd4 15. Qh5 Kh7 16. Bc3 fxe4 17. Bxd4 exd4 18. dxe4 Ne5 19. f4 Nxc4 20. Nf3 Ne3 21. Nxe3 dxe3 22. bxc5 dxc5 23. Ne5 Qd4 24. Qg6+ Kh8 25. Rbd1 e2+ 26. Rxd4 exf1=Q+ 27. Kxf1 Rxf4+ 28. Ke2 cxd4 29. Nf7+ Rxf7 30. Qxf7 Bb6 31. Qxb7 Re8 32. Kd3 Kg8 33. Qd5+ Kf8 34. e5 Ke7 35. Qb7+ Kf8 36. Qd5 Ke7 37. e6 Rd8 38. Qe5 g5 39. Qg7+ Kxe6 40. Qxh6+ Kd7 41. Qxg5 Re8 42. h4 Re3+ 43. Kd2 Kc6 44. h5 Rxa3 45. h6 Ra2+ 46. Kd1 Ra1+ 47. Kc2 Ra2+ 48. Kb1 Ra5 49. Qg6+ Kb7 50. h7 Rb5+ 51. Kc2 Rc5+ 52. Kd3 Rc3+ 53. Kd2 Ba5 54. Qe4+ Kb6 55. Qe6+ 1-0


[Site "https://www.chess.com"]

[Event "Titled Tuesday Blitz February 07 Early 2023"]
[White "Costachi, Mihnea"]
[Black "Osmak, Yuliia"]
[WhiteFideId "1217518"]
[BlackFideId "14101602"]
[WhiteElo "2476"]
[BlackElo "2440"]
[Result "1-0"]
[Round "09"]
[TimeControl "180+2"]
[Date "2023.02.07"]
[WhiteClock "0:02:45"]
[BlackClock "0:02:20"]

1. Nc3 d5 2. d4 Nf6 3. Bf4 c5 4. e3 cxd4 5. exd4 a6 6. Nf3 Bg4 7. Be2 e6 8. h3 Bxf3 9. Bxf3 Nc6 10. O-O Bd6 11. Ne2 Bxf4 12. Nxf4 Qb6 13. Ne2 1-0


[Site "https://www.chess.com"]

[Event "Titled Tuesday Blitz February 07 Early 2023"]
[White "Jaskolka, Tomasz"]
[Black "Oro, Faustino"]
[WhiteFideId "1170791"]
[BlackFideId "20000197"]
[WhiteElo "2238"]
[BlackElo "2269"]
[Result "0-1"]
[Round "09"]
[TimeControl "180+2"]
[Date "2023.02.07"]
[WhiteClock "0:00:03"]
[BlackClock "0:00:13"]

1. d4 Nf6 2. Bf4 e6 3. e3 d5 4. c3 Bd6 5. Bg3 O-O 6. Nd2 c5 7. Ngf3 Qc7 8. c4 cxd4 9. exd4 Bxg3 10. hxg3 Nc6 11. Bd3 dxc4 12. Nxc4 Rd8 13. Rc1 Qe7 14. Nce5 Nb4 15. Bb1 h6 16. a3 Nbd5 17. Qd3 Bd7 18. O-O Rac8 19. Rfe1 Be8 20. g4 Nf4 21. Qd2 N6d5 22. g3 Nh3+ 23. Kg2 Ng5 24. Qd3 g6 25. Nh4 Kg7 26. f4 Nh7 27. Rxc8 Rxc8 28. Nhxg6 fxg6 29. Nxg6 Qf6 30. Ne5 Nf8 31. g5 hxg5 32. Rh1 Bg6 33. Nxg6 Nxg6 34. fxg5 Qxg5 35. Qe4 Ne3+ 36. Kf3 Nf5 37. g4 Nfh4+ 38. Kg3 Rf8 39. Bc2 Rf3+ 40. Kh2 Qd2+ 41. Kg1 Qg2# 0-1


[Site "https://www.chess.com"]

[Event "Titled Tuesday Blitz February 07 Early 2023"]
[White "Mamedov, Edgar"]
[Black "Seo, Jung Min"]
[WhiteFideId "13739980"]
[BlackFideId "1734687"]
[WhiteElo "2193"]
[BlackElo "2494"]
[Result "0-1"]
[Round "09"]
[TimeControl "180+2"]
[Date "2023.02.07"]
[WhiteClock "0:00:01"]
[BlackClock "0:00:11"]

1. d4 b6 2. Nf3 Bb7 3. g3 Nf6 4. Bg2 c5 5. O-O cxd4 6. Qxd4 e6 7. c4 Be7 8. Nc3 O-O 9. b3 d5 10. cxd5 Nxd5 11. Nxd5 Bxd5 12. Rb1 Bf6 13. Qd3 Nd7 14. Bb2 Nc5 15. Qe3 Bxb2 16. Rxb2 Qf6 17. Rd2 Bxf3 18. Bxf3 Rad8 19. Rfd1 Rxd2 20. Qxd2 g6 21. b4 Na4 22. Rc1 Rd8 23. Qc2 b5 24. Kg2 Qd4 25. a3 Nb6 26. e3 Qd3 27. Qxd3 Rxd3 28. Rc5 Rxa3 29. Rxb5 Ra2 30. Rc5 Kg7 31. b5 Nd7 32. Rc7 Ne5 33. Bc6 Nd3 34. Kg1 Kf8 35. f4 Nb4 36. Rc8+ Kg7 37. Rc7 Nc2 38. Be8 Nxe3 39. Bxf7 Rg2+ 40. Kh1 Rb2 41. Bxe6+ Kf6 42. Rc1 Kxe6 43. Re1 Rb3 44. Kg1 Kd6 45. h3 Nd5 46. Kf2 Rxb5 47. Re8 a5 48. Ra8 h5 49. Kf3 Rb3+ 50. Kf2 Nf6 51. Ra6+ Ke7 52. Ra7+ Kf8 53. Ra8+ Kg7 54. Ra7+ Kh6 55. Rxa5 Ne4+ 56. Ke2 Nxg3+ 57. Kf2 Nf5 58. Ra8 Rxh3 59. Kg2 Rg3+ 60. Kf2 Rb3 61. Rh8+ Kg7 62. Ra8 Ne7 63. Ra7 Kf7 64. Ra6 Nd5 65. Ra7+ Kf6 66. Ra6+ Kf5 67. Ra5 Rd3 68. Ke2 Rd4 69. Kf3 Rxf4+ 70. Kg3 Rd4 71. Kf3 Ke5 72. Kg3 Kf5 73. Kf3 g5 74. Kg3 Rd3+ 75. Kf2 g4 76. Ra4 h4 77. Kg2 Nf4+ 78. Kf2 g3+ 79. Ke1 Kg4 80. Ra5 h3 81. Ra8 Rd5 82. Rg8+ Rg5 83. Rd8 h2 84. Rh8 Rh5 85. Rg8+ Kf3 86. Kd2 h1=Q 87. Kc3 Qc1+ 88. Kb3 Qc7 89. Kb2 Rb5+ 0-1


[Site "https://www.chess.com"]

[Event "Titled Tuesday Blitz February 07 Early 2023"]
[White "Chernobay, Artem"]
[Black "Yeritsyan, Hayk"]
[WhiteFideId "4167406"]
[BlackFideId "13307320"]
[WhiteElo "2484"]
[BlackElo "2241"]
[Result "1-0"]
[Round "09"]
[TimeControl "180+2"]
[Date "2023.02.07"]
[WhiteClock "0:00:08"]
[BlackClock "0:00:02"]

1. e4 e6 2. d3 d5 3. Nd2 c5 4. Ngf3 Nc6 5. g3 Nf6 6. Bg2 Be7 7. O-O b6 8. Re1 Bb7 9. a3 Qd7 10. e5 Ng4 11. Qe2 h5 12. h3 Nh6 13. c3 Nf5 14. b4 a5 15. bxc5 bxc5 16. Rb1 Ba6 17. c4 Ncd4 18. Nxd4 Nxd4 19. Qd1 h4 20. g4 O-O 21. cxd5 exd5 22. Nf1 Rab8 23. Rxb8 Rxb8 24. Ne3 Rb3 25. g5 Bxg5 26. Nxd5 Rxd3 27. Qh5 Bxc1 28. Rxc1 Ne2+ 29. Qxe2 Rxd5 30. Qxa6 Rd1+ 31. Rxd1 Qxd1+ 32. Kh2 Qd4 33. Qa8+ Kh7 34. Qe4+ Kh6 35. f4 Qf2 36. Qf3 Qe1 37. Qg4 g6 38. Qf3 c4 39. Qe4 Qg3+ 40. Kh1 c3 41. Qc4 Qe1+ 42. Kh2 Qd2 43. f5 g5 44. Qxf7 Qf4+ 45. Kh1 Qc1+ 46. Kh2 Qf4+ 47. Kg1 Qe3+ 48. Kf1 Qf4+ 49. Ke2 Qxe5+ 50. Kd3 Qg3+ 51. Kc4 Qf4+ 52. Kxc3 Qe5+ 53. Kc4 Qf4+ 54. Kd5 Qd2+ 55. Ke6 Qa2+ 56. Ke7 Qxa3+ 57. Ke8 Qa4+ 58. Kf8 Qb4+ 59. Kg8 Qb8+ 60. Qf8+ Qxf8+ 61. Kxf8 a4 62. Bd5 a3 63. f6 g4 64. hxg4 h3 65. f7 h2 66. Kg8 Kg5 67. f8=Q a2 68. Qf5+ Kh4 69. Qf6+ Kg3 70. Qf1 Kxg4 71. Kg7 Kg3 72. Kf6 Kh4 73. Kf5 Kg3 74. Qf3+ Kh4 75. Qg4# 1-0


[Site "https://www.chess.com"]

[Event "Titled Tuesday Blitz February 07 Early 2023"]
[White "Weetik, Vjacheslav"]
[Black "Avalos Parra, Joao"]
[WhiteFideId "4153472"]
[BlackFideId "3402541"]
[WhiteElo "2423"]
[BlackElo "2185"]
[Result "1-0"]
[Round "09"]
[TimeControl "180+2"]
[Date "2023.02.07"]
[WhiteClock "0:00:22"]
[BlackClock "0:00:02"]

1. e4 e5 2. Nf3 Nc6 3. Nc3 Nf6 4. Bb5 Nd4 5. Bc4 c6 6. O-O d6 7. h3 Be7 8. d3 O-O 9. Nxd4 exd4 10. Ne2 d5 11. exd5 cxd5 12. Bb3 Qb6 13. Bg5 Rd8 14. Nf4 Qc5 15. Qf3 Be6 16. Rae1 Qc6 17. Nh5 Nxh5 18. Bxe7 Re8 19. Bh4 g6 20. g4 Ng7 21. Bf6 h5 22. Qf4 Kh7 23. Bxd4 Qd7 24. Qf6 Rg8 25. f3 Rae8 26. Re5 Qd6 27. f4 Ref8 28. f5 Ne8 29. Qh4 Bd7 30. Rxd5 Qc6 31. fxg6+ fxg6 32. Rxh5+ gxh5 33. Qxh5+ Qh6 34. Bxg8+ Rxg8 35. Rf7+ Rg7 36. Qxh6+ Kxh6 37. Bxg7+ Nxg7 38. Rxd7 Ne6 39. Rd6 1-0


[Site "https://www.chess.com"]

[Event "Titled Tuesday Blitz February 07 Early 2023"]
[White "Lorenzo De La Riva, Lazaro"]
[Black "Tristan, Leonardo"]
[WhiteFideId "2268809"]
[BlackFideId "113816"]
[WhiteElo "2404"]
[BlackElo "2545"]
[Result "1/2-1/2"]
[Round "09"]
[TimeControl "180+2"]
[Date "2023.02.07"]
[WhiteClock "0:00:14"]
[BlackClock "0:00:05"]

1. d4 d5 2. c4 e6 3. Nc3 a6 4. cxd5 exd5 5. Bf4 Nf6 6. e3 c5 7. Nf3 c4 8. Ne5 b5 9. a3 Bb7 10. h4 Be7 11. h5 h6 12. g4 Nbd7 13. Bg2 Nxe5 14. dxe5 Ne4 15. Nxe4 dxe4 16. O-O Qc8 17. Qe2 Qe6 18. Rad1 O-O 19. Rd4 Bc5 20. Rxe4 Rad8 21. Bg3 Bxe4 22. Bxe4 Rfe8 23. Kh2 Qd7 24. Qf3 Bb6 25. Rb1 Bc7 26. Bc6 Qe6 27. Bxe8 Rxe8 28. Rd1 Bxe5 29. Rd2 Bf6 30. Rd6 Qe4 31. Qe2 Qb1 32. Rd2 Rc8 33. e4 Re8 34. e5 Bg5 35. f4 Be7 36. Rd7 Bc5 37. Bf2 Bxf2 38. Qxf2 Qa2 39. Rd2 Qb3 40. Qd4 Qf3 41. f5 Rc8 42. Rf2 Qc6 43. f6 c3 44. bxc3 Qxc3 45. Qd7 Qxe5+ 46. Kg2 Qc7 47. Qxc7 Rxc7 48. fxg7 Kxg7 49. Rf3 Rc4 50. Kg3 a5 51. Rd3 b4 52. axb4 axb4 53. Rd7 Kf6 54. Rb7 Ke5 55. Rxf7 Kd4 56. Rb7 Kc3 57. g5 hxg5 58. h6 Rh4 59. h7 b3 60. Rc7+ Kd2 61. Rd7+ Kc2 62. Rc7+ Kb1 63. Rb7 b2 64. Kf3 Kc1 65. Rc7+ Kd2 66. Rb7 Kc2 67. Rc7+ Kd3 68. Rb7 Kc3 69. Rc7+ Kb3 70. Rb7+ Ka2 71. Ra7+ Kb1 72. Rb7 Rh1 73. Kg2 Rh6 74. Rc7 Ka2 75. Ra7+ Kb3 76. Rb7+ Kc3 77. Rc7+ Kd4 78. Rd7+ Kc5 79. Rb7 Rxh7 80. Rxb2 Kd4 81. Re2 Rh4 82. Re8 Kd5 83. Kg3 Rf4 84. Rg8 Rf5 85. Kg4 Rf1 86. Rxg5+ Ke4 87. Kh5 Kf4 88. Rg4+ Kf5 89. Rg5+ Kf6 90. Rg6+ Kf7 91. Ra6 Rf6 92. Rxf6+ Kxf6 1/2-1/2


[Site "https://www.chess.com"]